 Dungeon Crawl Stone Soup version 0.27.1-34-g3ba077fa99 (webtiles) character file.

Game seed: 720600234254312293

566 growler the Gusty (level 7, 0/36 HPs)
             Began as a Tengu Air Elementalist on Jan 27, 2022.
             Slain by a wyvern skeleton (14 damage)
             ... on level 5 of the Dungeon.
             The game lasted 00:08:30 (5898 turns).

growler the Gusty (Tengu Air Elementalist)          Turns: 5898, Time: 00:08:31

Health: 0/36       AC:  2    Str:  8    XL:     7   Next: 32%
Magic:  6/14       EV: 14    Int: 18    God:
Gold:   307        SH:  0    Dex: 14    Spells: 4/14 levels left

rFire    . . .     SeeInvis .   d - +0 dagger (venom)
rCold    . . .     Faith    .   (no shield)
rNeg     . . .     Spirit   .   a - +0 robe
rPois    .         Reflect  .   (helmet restricted)
rElec    .         Harm     .   (no cloak)
rCorr    .         Rampage  .   (no gloves)
Will     .....                  (boots unavailable)
Stlth    ++........             (no amulet)
HPRegen  0.12/turn              (no ring)
MPRegen  0.14/turn              (no ring)

@: flying quickly and evasively, quick
A: beak, talons 3, nimble flight
a: no special abilities


You were on level 5 of the Dungeon.
You visited 1 branch of the dungeon, and saw 6 of its levels.

You collected 307 gold pieces.

Inventory:

Hand Weapons
 d - a +0 dagger of venom (weapon)
   (You took it off a goblin on level 1 of the Dungeon)
 o - the +9 falchion "Huuqaf" {vorpal, rF- Str+3 Dex+2 SInv}
   (You found it on level 4 of the Dungeon)

   It inflicts extra damage upon your enemies.
   Str:       It affects your strength (+3).
   Dex:       It affects your dexterity (+2).
   rF:        It makes you vulnerable to fire.
   SInv:      It lets you see invisible.
Armour
 a - a +0 robe (worn)
 f - a +0 hat
   (You found it on level 2 of the Dungeon)
Jewellery
 z - a ring of see invisible
   (You found it on level 1 of the Dungeon)
Wands
 v - a wand of digging (8)
   (You found it on level 5 of the Dungeon)
 x - a wand of acid (4)
   (You found it on level 2 of the Dungeon)
Scrolls
 g - a scroll of magic mapping {unknown}
 h - a scroll of noise {unknown}
 i - 5 scrolls of identify {unknown}
 k - 2 scrolls of fog {unknown}
 l - a scroll of torment {unknown}
 m - a scroll of teleportation {unknown}
 n - a scroll of enchant weapon {unknown}
 q - a scroll of enchant armour {unknown}
Potions
 b - 4 potions of curing {@q1}
 c - 2 potions of lignification {unknown}
 e - 2 potions of heal wounds {unknown}
 j - 3 potions of mutation {unknown}
 p - a potion of haste {unknown}
 r - a potion of attraction {unknown}


   Skills:
 - Level 2.1 Dodging
 - Level 2.0 Stealth
 + Level 4.4 Spellcasting
 + Level 5.8 Conjurations
 + Level 6.9 Air Magic


You had 4 spell levels left.
You knew the following spells:

 Your Spells              Type           Power      Damage    Failure   Level
a - Shock                 Conj/Air       100%       1d9       1%          1
b - Airstrike             Air            14%        N/A       9%          4
d - Static Discharge      Conj/Air       27%        N/A       1%          2
s - Swiftness             Air            29%        N/A       2%          3

Your spell library contained the following spells:

 Spells                   Type           Power      Damage    Failure   Level


Dungeon Overview and Level Annotations

Branches:
Dungeon (6/15)
 Temple: D:4-7

Altars:
Cheibriados
Kikubaaqudgha
Makhleb
Xom

Shops:
D:2 *


Innate Abilities, Weirdness & Mutations

You have a beak for a mouth.
You have claws for feet.
Your magical nature lets you fly swiftly and evasively.


Message History

Done exploring.
Done exploring.
You see here a +0 plate armour.
There is a stone staircase leading down here.
You fly downwards.
Found a scroll labelled ZYTSUMPI WUKUK and a ring mail.
There is a stone staircase leading up here.
q - a scroll labelled ZYTSUMPI WUKUK
Found 14 gold pieces.
You now have 307 gold pieces (gained 14).
Found a flail.
r - a metallic orange potion A centaur zombie comes into view.
Found a helmet.
The centaur zombie closely misses you. x2
The centaur zombie is struck by an arc of lightning.
You are struck by an arc of lightning.
The centaur zombie is struck by an arc of lightning.
The lightning grounds out.
The centaur zombie barely misses you. The centaur zombie closely misses you.
The centaur zombie is struck by an arc of lightning.
You are struck by an arc of lightning.
The lightning grounds out.
The centaur zombie hits you but does no damage.
The centaur zombie barely misses you. The centaur zombie closely misses you.
The centaur zombie kicks you.
The centaur zombie is struck by an arc of lightning!
You are struck by an arc of lightning.
The lightning grounds out.
The centaur zombie hits you. The centaur zombie misses you.
The centaur zombie is struck by an arc of lightning.
You are struck by an arc of lightning.
The centaur zombie is struck by an arc of lightning!
You destroy the centaur zombie!
The lightning grounds out.
You see here a +0 helmet.
You see here a +0 flail.
A wyvern skeleton comes into view.
The wyvern skeleton is struck by an arc of lightning.
You are struck by an arc of lightning.
The lightning grounds out.
The wyvern skeleton bites you!
The wyvern skeleton is struck by an arc of lightning.
The lightning grounds out.
The wyvern skeleton barely misses you. The wyvern skeleton misses you.
The wyvern skeleton is struck by an arc of lightning!
You are struck by an arc of lightning.
The wyvern skeleton is struck by an arc of lightning.
The lightning grounds out.
The wyvern skeleton bites you!
* * * LOW HITPOINT WARNING * * *
The wyvern skeleton is struck by an arc of lightning!
The lightning grounds out.
The wyvern skeleton bites you!
You die...

##.......### ###
##........ #
#..##..... # #.##
##### #.# .
##.######## ...
###..........
.....##...#........
#.Z@##.........
#...##...........
#..≈≈ ##..........
..≈≈ #..........
.≈≈ ##......... ..
#......... .
##........ .......
#.....


You could see a wyvern skeleton.

Vanquished Creatures
  A necrophage (D:6)
  2 scorpions (D:5)
  A bullfrog zombie (D:5)
  A centaur zombie (D:5)
  A hound (D:5)
  A jelly (D:4)
  A centaur skeleton (D:5)
  Jessica (D:2)
  Natasha (twice) (D:2)
  2 iguanas (D:5)
  2 adders (D:2)
  3 worms
  3 dart slugs
  An orc (D:3)
  2 bats
  5 endoplasms
  2 giant cockroaches
  8 goblins
  4 hobgoblins
  3 quokkas
  5 ball pythons
  3 frilled lizards
  9 kobolds
  6 rats
69 creatures vanquished.

Vanquished Creatures (others)
  A withered plant (D:1)
1 creature vanquished.

Grand Total: 70 creatures vanquished

Notes
Turn   | Place    | Note
-------+----------+-------------------------------------------
     0 | D:1      | growler the Tengu Air Elementalist began the quest for the
                  | Orb.
     0 | D:1      | Reached XP level 1. HP: 10/10 MP: 4/4
   472 | D:1      | Reached XP level 2. HP: 15/15 MP: 0/6
   475 | D:1      | Learned a level 2 spell: Static Discharge
   560 | D:1      | Found a faded altar of an unknown god.
  1326 | D:1      | Reached XP level 3. HP: 19/19 MP: 1/7
  1424 | D:1      | Learned a level 3 spell: Swiftness
  1668 | D:2      | Noticed Natasha
  1679 | D:2      | Killed Natasha
  1680 | D:2      | Reached XP level 4. HP: 16/24 MP: 0/9
  1812 | D:2      | Found a shimmering altar of Xom.
  1863 | D:2      | Noticed Jessica
  1866 | D:2      | Killed Jessica
  1867 | D:2      | Reached skill level 5 in Air Magic
  2268 | D:2      | Noticed Natasha
  2276 | D:2      | Killed Natasha
  2277 | D:2      | Gained mutation: Your magical nature lets you fly swiftly
                  | and evasively. [Tengu growth]
  2277 | D:2      | Reached XP level 5. HP: 11/28 MP: 0/10
  2584 | D:2      | Found Toywaygg's Assorted Antiques.
  2869 | D:2      | Learned a level 4 spell: Airstrike
  3928 | D:4      | You are sucked into a shaft and drop 2 floors!
  3955 | D:6      | Noticed a lemure
  3985 | D:5      | Entered Level 5 of the Dungeon
  3985 | D:5      | Noticed a necrophage
  4004 | D:6      | Killed a necrophage
  4005 | D:6      | Reached skill level 6 in Air Magic
  4005 | D:6      | Reached XP level 6. HP: 5/32 MP: 0/12
  4283 | D:5      | Reached skill level 5 in Conjurations
  4497 | D:5      | Reached XP level 7. HP: 34/36 MP: 1/14
  5099 | D:4      | Found an ancient bone altar of Kikubaaqudgha.
  5101 | D:4      | Found a snail-covered altar of Cheibriados.
  5164 | D:4      | Found a burning altar of Makhleb.
  5198 | D:4      | Identified the +9 falchion "Huuqaf" {vorpal, rF- Str+3
                  | Dex+2 SInv}
  5898 | D:5      | Slain by a wyvern skeleton

Illustrated notes

Levels and vault maps discovered:
D:1:      dpeg_arrival_pits, layout_basic, ebering_ecumenical_altar_petrified
D:2:      layout_basic, serial_shops, shop, basic_altar, grunt_ministairs_3,
          uniq_jessica, uniq_natasha
D:3:      layout_loops_cross, grunt_decor_arrowhead, hangedman_decor_push,
          hangedman_abyss_or_decor_lesser_grid, minmay_vboxes
D:4:      minmay_door_path, layout_basic, nicolae_overflow_hidden_temple,
          chequers_serial_rivers_room_b
D:5:      layout_cave_pods, minmay_temple_entry_hall, serial_rivers,
          chequers_serial_rivers_micro_c, chequers_serial_rivers_large_b,
          chequers_serial_rivers_room_a, chequers_serial_rivers_micro_c,
          chequers_serial_rivers_small_b, chequers_serial_rivers_micro_c,
          hangedman_glass_teeth, st_stairs_5, grunt_decor_fettered,
          minmay_misc_feat_diagonals
D:6:      layout_cave_pods, serial_park, serial_park_square3
          [serial_park_minivault_5x5_2], serial_park_gazebo
          [serial_park_minivault_5x5_2], serial_park_tiny_pond,
          serial_park_tiny_1, uniq_pikel, uniq_eustachio

Skill      XL: |  1  2  3  4  5  6 |
---------------+-------------------+-----
Conjurations   | 2 3 4 5 |  5.8
Air Magic      | 5 6 |  6.9
Spellcasting   | 3 4 |  4.4
Dodging        | |  2.1
Stealth        | |  2.0

Action                   |  1- 3 |  4- 6 |  7- 9 || total
-------------------------+-------+-------+-------++-------
Melee: Unarmed           |     3 |       |       ||     3
       Kick              |     1 |     3 |     1 ||     5
       Dagger            |     3 |    13 |     5 ||    21
       Peck              |     1 |     1 |     2 ||     4
 Cast: Shock             |    51 |    51 |     7 ||   109
       Static Discharge  |     1 |    22 |    11 ||    34
  Use: Potion            |       |     1 |       ||     1
 Stab: Sleeping          |       |     4 |     1 ||     5
Armor: Robe              |       |     5 |     2 ||     7
Dodge: Dodged            |     4 |    22 |    12 ||    38
